 Dungeon Crawl Stone Soup version 0.29-a0-422-gafbd6decc1 (webtiles) character file.

Game seed: 1716970204853228873

601 Pelinal the Frost Mage (level 7, -9/46 HPs)
             Began as a Merfolk Ice Elementalist on May 19, 2022.
             Was an Initiate of Ashenzari.
             Mangled by a hornet (14 damage)
             ... on level 5 of the Dungeon.
             The game lasted 00:07:58 (4920 turns).

Pelinal the Frost Mage (Merfolk Ice Elementalist)   Turns: 4920, Time: 00:07:59

Health: -9/46      AC:  2    Str:  8    XL:     7   Next: 41%
Magic:  10/10      EV: 12    Int: 16    God:    Ashenzari [......]
Gold:   147        SH:  0    Dex: 15    Spells: 3/10 levels left

rFire   . . .      SeeInvis .   r - +1 dagger (venom)
rCold   . . .      Faith    .   (no shield)
rNeg    . . .      Spirit   .   a - +0 robe
rPois   .          Reflect  .   (no helmet)
rElec   .          Harm     .   (no cloak)
rCorr   .          Rampage  .   (no gloves)
Will    .....                   (no boots)
Stlth   +.........              (no amulet)
HPRegen 0.15/turn               d - +4 ring of slaying
MPRegen 0.12/turn               i - ring of flight

@: confused, lethally poisoned (-9 -> -14), ambrosia-drunk, freezing walls,
flying, slowed, very slow
A: (nimble swimmer 2), mertail
a: Renounce Religion


You were on level 5 of the Dungeon.
You worshipped Ashenzari.
Ashenzari was noncommittal.
You visited 2 branches of the dungeon, and saw 6 of its levels.

You collected 147 gold pieces.

Inventory:

Hand Weapons
 j - a +6 falchion of protection
 r - a +1 dagger of venom (weapon)
 s - a +2 dagger of pain
Missiles
 c - 6 poisoned darts
Armour
 a - a +0 robe (worn)
Jewellery
 d - a +4 ring of slaying (left hand)
 f - a ring of fire
 i - a ring of flight (right hand)
Wands
 q - a wand of acid (1)
Scrolls
 g - a scroll of vulnerability
 h - 2 scrolls of identify
 k - a scroll of immolation
 l - a scroll of torment {unknown}
 n - a scroll of noise {unknown}
 p - a scroll of enchant armour
Potions
 b - a potion of magic
 e - a potion of cancellation {unknown}
 o - a potion of mutation
 u - a potion of attraction {unknown}


   Skills:
 - Level 2.6 Dodging
 + Level 6.2 Stealth
 - Level 2.0 Spellcasting
 - Level 8.0 Ice Magic


You had 3 spell levels left.
You knew the following spells:

 Your Spells              Type           Power      Damage    Failure   Level
a - Freeze                Ice            100%       1d11      1%          1
b - Frozen Ramparts       Ice            54%        1d7       2%          3
c - Ozocubu's Armour      Ice            27%        N/A       2%          3

Your spell library contained the following spells:

 Spells                   Type           Power      Damage    Failure   Level
 Magic Dart               Conj           4%         1d3       21%         1
 Shock                    Conj/Air       4%         1d3       21%         1
 Swiftness                Air            1%         N/A       52%         3
 Hailstorm                Conj/Ice       14%        3d5       36%         4
 Airstrike                Air            0%         N/A       90%         4


Dungeon Overview and Level Annotations

Branches:
Dungeon (5/15)             Temple (1/1) D:4

Altars:
Ashenzari
Cheibriados
Dithmenos
Elyvilon
Fedhas
Gozag
Hepliaklqana
Kikubaaqudgha
Makhleb
Nemelex Xobeh
Okawaru
Qazlal
Ru
Sif Muna
Trog
Uskayaw
Vehumet
Wu Jian
Xom
Yredelemnul
Zin
The Shining One

Annotations:
D:3 3 runed translucent doors, exclusion: 3 doors, snarfax's ghost, amateur HOAK
D:4 1 runed translucent door, quokkamancerX's ghost, novice HuHu


Innate Abilities, Weirdness & Mutations

((You are very nimble when in or above water. (Stealth+, EV+, Speed+++)))
Your lower body shifts to a powerful aquatic tail in water.


Message History

The hornet stings you but does no damage.
Unknown command.
Casting: Freeze (safe; 1% risk of failure)
Confirm with . or Enter, or press ? or * to list all spells.
Aiming: Freeze (safe; 1% risk of failure)
Press: ? - help, Shift-Dir - straight line, f - hornet
Aim: a hornet You freeze the hornet!
The hornet is moderately wounded.
You feel sick. The hornet stings you!
You are more poisoned.
You feel yourself slow down. The hornet stings you!
* * * LOW HITPOINT WARNING * * *
You are more poisoned.
You feel as though you will be slow longer.
Unknown command.
You feel better. The hornet stings you.
You feel as though you will be slow longer.
The hornet stings you!
* * * LOW HITPOINT WARNING * * *
You feel as though you will be slow longer.
Unknown command.
Casting: Freeze (safe; 1% risk of failure)
Confirm with . or Enter, or press ? or * to list all spells.
Casting: Frozen Ramparts (dangerous; 2% risk of failure)
Press: ? - help, Dir - look around, f - activate The walls around you are covered in ice.
The wall freezes the hornet.
The hornet stings you.
* * * LOW HITPOINT WARNING * * *
You are lethally poisoned!
You feel as though you will be slow longer.
The wall freezes the hornet.
The hornet barely misses you.
Unknown command.
You are confused.
You feel invigorated.
* * * LOW HITPOINT WARNING * * *
You feel very sick.
The wall freezes the hornet.
The hornet closely misses you.
The wall freezes the hornet.
The hornet stings you!
You die...

.. # .# . .# .#
.. #. . ##.#
##.#.....
##>..#..# #
#.##...y...#..#
.......@#=....#
.[##...<.......
##....#.#.##
##.....#
...#....
#.#...#..#
#.##.##.... #.
. ##. #. ..


You could see a hornet.

Vanquished Creatures
  Eustachio (D:4)
  2 necrophages (D:4)
  A bullfrog (D:4)
  A hound (D:2)
  A jelly (D:4)
  An orc priest (D:4)
  An iguana (D:4)
  2 orc wizards (D:4)
  3 adders
  A worm (D:2)
  2 dart slugs
  7 orcs (D:4)
  5 endoplasms
  7 giant cockroaches
  5 hobgoblins
  7 jackals
  2 quokkas
  7 ball pythons
  6 bats
  5 frilled lizards
  10 goblins
  5 kobolds
  9 rats
91 creatures vanquished.

Notes
Turn   | Place    | Note
-------+----------+-------------------------------------------
     0 | D:1      | Pelinal the Merfolk Ice Elementalist began the quest for
                  | the Orb.
     0 | D:1      | Reached XP level 1. HP: 13/13 MP: 3/3
   312 | D:1      | Found a faded altar of an unknown god.
   328 | D:1      | Got Plato's Handbook of Confrontation
   373 | D:1      | Reached XP level 2. HP: 19/19 MP: 5/5
   443 | D:1      | Reached skill level 5 in Ice Magic
   852 | D:1      | Reached XP level 3. HP: 21/24 MP: 2/6
   888 | D:1      | Learned a level 3 spell: Frozen Ramparts
  1728 | D:2      | Reached skill level 6 in Ice Magic
  1774 | D:2      | Reached XP level 4. HP: 25/30 MP: 3/7
  2586 | D:3      | Noticed snarfax's ghost (amateur HOAK)
  2826 | D:3      | Found a runed translucent gate.
  2826 | D:3      | Found a runed translucent gate.
  2826 | D:3      | Found a runed translucent gate.
  3104 | D:3      | Found a bloodstained altar of Trog.
  3206 | D:4      | Reached XP level 5. HP: 23/35 MP: 6/8
  3367 | D:4      | Reached skill level 7 in Ice Magic
  3517 | D:3      | Learned a level 3 spell: Ozocubu's Armour
  3564 | D:4      | Reached XP level 6. HP: 40/41 MP: 6/9
  3617 | D:4      | Reached skill level 8 in Ice Magic
  3685 | D:4      | Found a staircase to the Ecumenical Temple.
  3749 | Temple   | Entered the Ecumenical Temple
  4079 | Temple   | Became a worshipper of Ashenzari the Shackled
  4186 | D:4      | Noticed Eustachio
  4265 | D:4      | Killed Eustachio
  4266 | D:4      | Reached skill level 5 in Stealth
  4266 | D:4      | Reached XP level 7. HP: 46/46 MP: 1/10
  4402 | D:4      | Found a runed translucent door.
  4403 | D:4      | Noticed quokkamancerX's ghost (novice HuHu)
  4914 | D:5      | Entered Level 5 of the Dungeon
  4914 | D:5      | Noticed a hornet
  4919 | D:5      | HP: 2/46 [hornet (5)]
  4920 | D:5      | Mangled by a hornet

Illustrated notes

Levels and vault maps discovered:
D:1:      minmay_arrival_five_plusses, layout_loops_ring,
          shapermc_ecumenical_altar_rom_forum, minmay_misc_feat_ornament,
          minmay_worlds_worst_comb
D:2:      layout_basic
D:3:      kennysheep_big_flooded_room, layout_loops_ring,
          lightli_temple_of_fire, gammafunk_ghost_split
D:4:      layout_rooms, minmay_temple_entry_antechambers,
          ebering_ghost_inner_flame, uniq_eustachio
D:5:      layout_loops_ring, biasface_ghost_orc_armoury, hex_tiny, uniq_grinder
Temple:   roderic_octagonal_lattice_temple

Skill      XL: |  1  2  3  4  5  6  7 |
---------------+----------------------+-----
Ice Magic      | 5 6 7 8 |  8.0
Stealth        | 5 6 |  6.2
Dodging        | |  2.6
Spellcasting   | |  2.0

Action                   |  1- 3 |  4- 6 |  7- 9 || total
-------------------------+-------+-------+-------++-------
Melee: Dagger            |    77 |    71 |     6 ||   154
       Unarmed           |     1 |       |       ||     1
       Punch             |       |     1 |       ||     1
       Falchion          |       |       |    10 ||    10
 Cast: Freeze            |    13 |    12 |     5 ||    30
       Frozen Ramparts   |     2 |     4 |     4 ||    10
       Ozocubu's Armour  |       |     3 |       ||     3
Evoke: Wand              |       |     2 |       ||     2
  Use: Scroll            |       |     7 |       ||     7
       Potion            |       |       |     2 ||     2
 Stab: Sleeping          |    12 |     4 |     1 ||    17
Armor: Robe              |    12 |    21 |     8 ||    41
Dodge: Dodged            |    43 |    45 |    10 ||    98

Table legend: (Time is in decaauts)
 A = Elapsed time spent in this place.
 B = Non-inter-level travel time spent in this place.
 C = Inter-level travel time spent in this place.
 D = Time resting spent in this place.
 E = Time spent auto-exploring this place.
 F = Levels seen in this place.
 G = Mean time per level.
                   A        B        C        D        E       F      G
               +--------+--------+--------+--------+--------+-----+--------+
         Total |   4922 |   4799 |    123 |    897 |   3050 |   6 |  820.3 |
       Dungeon |   4573 |   4477 |     96 |    897 |   2752 |   5 |  914.6 |
        Temple |    348 |    321 |     27 |      0 |    298 |   1 |  348.0 |
               +--------+--------+--------+--------+--------+-----+--------+

Top non-repeatable levels by time:
     D:4: 1333 daAuts
     D:2: 1276 daAuts
     D:1: 1089 daAuts
     D:3: 866 daAuts
  Temple: 348 daAuts
     D:5: 7 daAuts
